[Event "Titled Tuesday Blitz March 28 Early 2023"]
[White "Toropov, Pavel"]
[Black "Pulpan, Jakub"]
[WhiteFideId "24129178"]
[BlackFideId "302759"]
[WhiteElo "2182"]
[BlackElo "2484"]
[Result "1/2-1/2"]
[Round "04"]
[TimeControl "180+2"]
[Date "2023.03.28"]
[WhiteClock "0:00:20"]
[BlackClock "0:00:42"]

1. e4 g6 2. d4 Bg7 3. Nc3 d5 4. exd5 Nf6 5. Bc4 Nbd7 6. Bb3 O-O 7. Nge2 Nb6 8. Nf4 a5 9. a4 Bg4 10. Qd3 Bf5 11. Qf3 Bg4 12. Qg3 Qd7 13. h3 Bf5 14. Qf3 g5 15. Nd3 Bxd3 16. Qxd3 Nbxd5 17. Bxg5 Rad8 18. O-O-O Nxc3 19. bxc3 Qc6 20. Qb5 Qxc3 21. Kb1 Rxd4 22. Rxd4 Qxd4 23. Be3 Qc3 24. Qc4 Ne4 25. Qxc3 Nxc3+ 26. Kc1 Rd8 27. Re1 e6 28. Bf4 Rd7 29. g4 Nxa4 30. Bxa4 Rd4 31. Bxc7 Rxa4 32. Kd2 Rd4+ 33. Ke3 Rd5 34. Rb1 Bd4+ 35. Ke4 Bxf2 36. Rxb7 h5 37. Rb8+ Kh7 38. Be5 hxg4 39. hxg4 Be1 40. Rh8+ Kg6 41. Rg8+ Kh6 42. Bg7+ Kg5 43. Bc3+ Kh4 44. Bxe1+ Kh3 45. Bc3 Rc5 46. Kd3 a4 47. g5 Kg4 48. Bf6 Ra5 49. Rb8 a3 50. Rb1 e5 51. Ra1 Kf3 52. Kc4 e4 53. Kb4 Rd5 54. Rxa3+ e3 55. c4 Rd1 56. c5 Kf2 57. Ra2+ e2 58. Bc3 Kf3 59. c6 Rb1+ 60. Kc4 Rb6 61. Kc5 Rb3 62. Be1 Rb1 63. Bc3 Rc1 64. Rxe2 Rxc3+ 65. Kd4 Rxc6 66. Re7 Kg4 67. Rxf7 Kxg5 68. Re7 Kf6 69. Rd7 Ke6 70. Rh7 Rc1 71. Rh6+ Kf5 72. Rh5+ Kg4 73. Rh8 Rd1+ 74. Ke3 Re1+ 75. Kf2 Re7 76. Rg8+ Kf4 77. Rf8+ Ke4 78. Rf3 Ra7 79. Re3+ Kf4 80. Rf3+ Ke4 81. Re3+ Kd4 82. Rf3 Ra2+ 83. Kg3 Ke5 84. Re3+ Kf5 85. Rf3+ Kg5 86. Rf2 Ra3+ 87. Rf3 Ra4 88. Kf2 Kh4 89. Rd3 Re4 90. Kf3 Rb4 91. Ke3 Kg5 92. Rd8 Rb3+ 93. Ke4 Kf6 94. Rd4 Ke6 95. Rd3 Rb1 96. Rd4 Rh1 97. Kd3 Ke5 98. Re4+ Kd5 99. Rd4+ Kc5 100. Rc4+ Kb5 101. Rd4 Rh3+ 102. Ke4 Kc5 103. Rd5+ Kc4 104. Rf5 Rh8 105. Rf4 Re8+ 106. Kf5+ Kd5 107. Kg4 Ke5 108. Kf3 Kd5 109. Rf5+ Kd4 110. Rf4+ Kd3 111. Rf7 Re3+ 112. Kf2 Re8 113. Rd7+ Ke4 114. Rd2 Rf8+ 115. Ke2 Rh8 116. Kd1 Ke3 117. Re2+ Kd3 1/2-1/2


[Site "https://www.chess.com"]

[Event "Titled Tuesday Blitz March 28 Early 2023"]
[White "Iniyan, P"]
[Black "Koellner, Ruben Gideon"]
[WhiteFideId "25002767"]
[BlackFideId "12993093"]
[WhiteElo "2449"]
[BlackElo "2303"]
[Result "1/2-1/2"]
[Round "04"]
[TimeControl "180+2"]
[Date "2023.03.28"]
[WhiteClock "0:00:11"]
[BlackClock "0:00:08"]

1. c4 d6 2. Nc3 e5 3. d3 f5 4. g3 Nf6 5. Bg2 Be7 6. Nf3 O-O 7. O-O c6 8. b4 Be6 9. b5 Nbd7 10. Ng5 Nc5 11. bxc6 bxc6 12. Nxe6 Nxe6 13. Bxc6 Rc8 14. Bg2 Qc7 15. Nd5 Nxd5 16. Bxd5 Qd7 17. Rb1 Kh8 18. Rb7 Nc7 19. Rxa7 Qd8 20. Bg2 d5 21. cxd5 Nxd5 22. Bb2 Bf6 23. Qa4 Nc3 24. Bxc3 Rxc3 25. Qb4 Rc8 26. a4 Rb8 27. Rb7 Rxb7 28. Bxb7 Be7 29. Qb5 Qd4 30. a5 f4 31. a6 Bc5 32. gxf4 exf4 33. Qc4 Qe5 34. Qd5 Qe7 35. Rc1 Bxf2+ 36. Kf1 Be3 37. Rc8 Rxc8 38. Bxc8 Qh4 39. Qg2 g6 40. Be6 Qf6 41. Qd5 h5 42. Kg2 Kg7 43. Bh3 Kh6 44. Kf3 Qxa6 45. Qd8 Qa1 46. Qf8+ Kh7 47. Qf7+ Kh6 48. Qf8+ Kg5 49. Qe7+ Kh6 50. Qf8+ 1/2-1/2


[Site "https://www.chess.com"]

[Event "Titled Tuesday Blitz March 28 Early 2023"]
[White "Defend1r"]
[Black "Korchmar, Vasiliy"]
[BlackFideId "24131750"]
[WhiteElo "2530"]
[BlackElo "2370"]
[Result "1-0"]
[Round "04"]
[TimeControl "180+2"]
[Date "2023.03.28"]
[WhiteClock "0:00:18"]
[BlackClock "0:00:05"]

1. e4 c5 2. Nf3 d6 3. c3 Nf6 4. h3 Nc6 5. Bd3 d5 6. e5 Nd7 7. Bb5 g6 8. Qe2 e6 9. Bxc6 bxc6 10. d3 Bg7 11. O-O O-O 12. b3 a5 13. Bf4 a4 14. Nbd2 Qa5 15. Rac1 Ba6 16. c4 h6 17. h4 Qb4 18. Rc2 Bb7 19. Qe3 Kh7 20. g3 axb3 21. axb3 Ra3 22. Kg2 Rfa8 23. Rh1 Ra2 24. Rxa2 Rxa2 25. h5 g5 26. Bxg5 Nxe5 27. Nxe5 hxg5 28. Ndf3 f6 29. h6 Bh8 30. Nxg5+ fxg5 31. Qxg5 Bxe5 32. Qxe5 Rxf2+ 33. Kxf2 Qd2+ 34. Qe2 Qg5 35. Qxe6 Qd2+ 36. Kg1 Qd1+ 37. Kg2 Qd2+ 38. Kh3 Qg5 39. Qf7+ Kxh6 40. Kg2+ 1-0


[Site "https://www.chess.com"]

[Event "Titled Tuesday Blitz March 28 Early 2023"]
[White "Rangel, Daniel"]
[Black "Mikhailovsky, Vladimir"]
[WhiteFideId "2124475"]
[BlackFideId "34105414"]
[WhiteElo "2256"]
[BlackElo "2293"]
[Result "1-0"]
[Round "04"]
[TimeControl "180+2"]
[Date "2023.03.28"]
[WhiteClock "0:00:28"]
[BlackClock "0:00:35"]

1. c4 e6 2. e3 b6 3. b3 Bb7 4. Bb2 Nf6 5. Nf3 g6 6. Nc3 Bg7 7. Qc2 O-O 8. h4 d5 9. Ne2 c5 10. Ng3 h5 11. Ng5 Nc6 12. a3 d4 13. O-O-O Qe7 14. Be2 Rfd8 15. f4 Rd7 16. e4 Rad8 17. d3 e5 18. f5 Nh7 19. Nxh7 Kxh7 20. Rdf1 Bh6+ 21. Kb1 a6 22. Bc1 Bxc1 23. Qxc1 b5 24. f6 Qf8 25. Bxh5 gxh5 26. Rf5 Ne7 27. Rxh5+ Kg8 28. fxe7 Rxe7 29. Qg5+ Qg7 30. Qxe7 1-0


[Site "https://www.chess.com"]

[Event "Titled Tuesday Blitz March 28 Early 2023"]
[White "Dixit, Nikhil"]
[Black "Skvortsov, Andrei"]
[WhiteFideId "5059534"]
[BlackFideId "24108600"]
[WhiteElo "2207"]
[BlackElo "2259"]
[Result "1-0"]
[Round "04"]
[TimeControl "180+2"]
[Date "2023.03.28"]
[WhiteClock "0:00:58"]
[BlackClock "0:01:02"]

1. e4 d5 2. exd5 Qxd5 3. Nc3 Qe5+ 4. Qe2 Qxe2+ 5. Bxe2 c6 6. b3 Bf5 7. d3 e5 8. Bb2 Na6 9. O-O-O O-O-O 10. Nf3 f6 11. d4 exd4 12. Nxd4 Bd7 13. Bxa6 bxa6 14. Rhe1 Bd6 15. Ne6 Bxe6 16. Rxe6 Bf4+ 17. Kb1 Rxd1+ 18. Nxd1 Kd7 19. Re4 Bc7 20. Ra4 a5 21. Bc3 Nh6 22. Bxa5 Bb8 23. Ne3 Bxh2 24. Rd4+ Kc8 25. g3 Re8 26. Nc4 Re2 27. Nd6+ Kb8 28. Rb4+ Ka8 29. Bc7 a5 30. Rb8+ Ka7 31. Nc8+ Ka6 32. Rb6# 1-0


[Site "https://www.chess.com"]

[Event "Titled Tuesday Blitz March 28 Early 2023"]
[White "Cherniaiev, Tykhon"]
[Black "Novikov, Evgenij"]
[WhiteFideId "14182360"]
[BlackFideId "4125380"]
[WhiteElo "2450"]
[BlackElo "2242"]
[Result "1-0"]
[Round "04"]
[TimeControl "180+2"]
[Date "2023.03.28"]
[WhiteClock "0:00:10"]
[BlackClock "0:00:04"]

1. Nf3 d5 2. d4 Nf6 3. c4 c6 4. e3 a6 5. Nbd2 b5 6. b3 Bg4 7. Be2 e6 8. O-O Bd6 9. h3 Bh5 10. Bb2 O-O 11. a4 bxc4 12. bxc4 a5 13. c5 Bc7 14. Bc3 Na6 15. Rb1 Bg6 16. Rb2 Ne4 17. Nxe4 Bxe4 18. Bd3 f5 19. Qe2 Nb4 20. Bxb4 axb4 21. Rxb4 Ra7 22. Rfb1 Qa8 23. Ng5 Bxd3 24. Qxd3 Re8 25. Qb3 h6 26. Nf3 Kh7 27. g3 Qc8 28. Rb7 Ra5 29. Qb4 Ra8 30. Ne5 Bxe5 31. dxe5 Qd8 32. Qb6 Rxa4 33. Qxc6 Re4 34. Rd7 Qc8 35. Qxc8 Rxc8 36. Rbb7 Rxc5 37. Rxg7+ Kh8 38. Rge7 Rc8 39. Rxe6 d4 40. exd4 Rxd4 41. Rxh6+ Kg8 42. Rg6+ Kh8 43. Rh6+ Kg8 44. Rf6 Rf8 45. Rxf8+ Kxf8 46. e6 Re4 47. Rf7+ Ke8 48. Rxf5 Rxe6 49. Rf3 1-0


[Site "https://www.chess.com"]

[Event "Titled Tuesday Blitz March 28 Early 2023"]
[White "Andreev, Konstantin"]
[Black "Schmakel, Sam"]
[WhiteFideId "24239305"]
[BlackFideId "2039311"]
[WhiteElo "2106"]
[BlackElo "2356"]
[Result "1-0"]
[Round "04"]
[TimeControl "180+2"]
[Date "2023.03.28"]
[WhiteClock "0:00:12"]
[BlackClock "0:00:02"]

1. e4 e6 2. d4 d5 3. Nc3 Nf6 4. e5 Nfd7 5. f4 c5 6. Nf3 Nc6 7. Be3 cxd4 8. Nxd4 Qb6 9. Rb1 Bc5 10. Nce2 Qa5+ 11. c3 Qxa2 12. Ng3 Nxd4 13. cxd4 Bb4+ 14. Kf2 g6 15. Bd3 Qa5 16. Qf3 Qd8 17. Rbc1 a6 18. Ne2 b5 19. g4 Bb7 20. f5 gxf5 21. gxf5 Qh4+ 22. Ng3 O-O 23. Qh5 Qxh5 24. Nxh5 Rac8 25. Bh6 Rxc1 26. Rxc1 Rc8 27. Rg1+ Kh8 28. f6 Bf8 29. Bg7+ Kg8 30. Bh6+ Kh8 31. Bg7+ Kg8 32. Bxf8+ Kxf8 33. Bxh7 Ke8 34. Bg8 Nf8 35. Ng7+ Kd7 36. Bxf7 Rc2+ 37. Ke3 Rxh2 38. Rc1 Rxb2 39. Nxe6 Nxe6 40. Bxe6+ Kxe6 41. Rc7 Rb3+ 42. Kf4 Rd3 43. f7 Rxd4+ 44. Kg5 1-0


[Site "https://www.chess.com"]

[Event "Titled Tuesday Blitz March 28 Early 2023"]
[White "Shubenkova, Veronika"]
[Black "Bashirli, Nail"]
[WhiteFideId "44124040"]
[BlackFideId "13406809"]
[WhiteElo "2027"]
[BlackElo "2338"]
[Result "1-0"]
[Round "04"]
[TimeControl "180+2"]
[Date "2023.03.28"]
[WhiteClock "0:00:15"]
[BlackClock "0:00:03"]

1. e4 Nf6 2. e5 Nd5 3. c4 Nb6 4. d4 d6 5. exd6 cxd6 6. Nf3 g6 7. Nc3 Bg7 8. h3 O-O 9. Be2 Bf5 10. O-O Nc6 11. a3 Rc8 12. b3 d5 13. c5 Nd7 14. b4 e6 15. Bb2 b6 16. b5 Na5 17. c6 Nf6 18. a4 Ne4 19. Nxe4 Bxe4 20. Nd2 g5 21. Nxe4 dxe4 22. Qc2 f5 23. Rad1 Qd5 24. Bc3 Nc4 25. Bb4 Nd6 26. Qd2 f4 27. Bg4 Rfd8 28. h4 h6 29. hxg5 hxg5 30. Qb2 Nf5 31. Bc3 f3 32. Rfe1 Nh6 33. gxf3 Nxg4 34. fxg4 e5 35. dxe5 Qe6 36. Qe2 Rd3 37. Rxd3 exd3 38. Qxd3 Qxg4+ 39. Kf1 Rf8 40. Qd5+ Kh8 41. Re3 Qh4 42. Be1 g4 43. Qe4 Bh6 44. Rd3 Rf4 45. Qd5 Rf8 46. e6 g3 47. Qd4+ Qxd4 48. Rxd4 gxf2 49. Bxf2 Be3 50. Rh4+ Kg7 51. Rg4+ Kh6 52. Rg2 Rf6 53. e7 Re6 54. Bxe3+ Rxe3 55. Re2 Rf3+ 56. Ke1 Rc3 57. e8=Q Rc1+ 58. Kd2 Rc5 59. Rh2+ Kg5 60. Qe7+ 1-0


[Site "https://www.chess.com"]

[Event "Titled Tuesday Blitz March 28 Early 2023"]
[White "Pniaczek, Marek"]
[Black "Zhao, Jun"]
[WhiteFideId "21800421"]
[BlackFideId "8602522"]
[WhiteElo "2138"]
[BlackElo "2547"]
[Result "1-0"]
[Round "04"]
[TimeControl "180+2"]
[Date "2023.03.28"]
[WhiteClock "0:00:07"]
[BlackClock "0:00:02"]

1. e4 e5 2. Nf3 Nc6 3. Nc3 Nf6 4. d4 Bb4 5. Nxe5 Bxc3+ 6. bxc3 Qe7 7. f3 Nxe5 8. dxe5 Qxe5 9. Qd4 d6 10. a4 a5 11. Ba3 Bd7 12. Bb2 Bc6 13. c4 Nd7 14. Be2 O-O 15. O-O Rfe8 16. Rfd1 Qxd4+ 17. Bxd4 f5 18. c5 dxc5 19. Bc3 fxe4 20. fxe4 Nb6 21. Ra3 Nxa4 22. Ba1 Rad8 23. Rf1 Rxe4 24. Rg3 g6 25. Bd3 Re6 26. h4 Nb6 27. h5 Be8 28. Rgf3 Bc6 29. Rf7 Rd4 30. h6 Re8 31. Rg7+ Kh8 32. Rff7 1-0


[Site "https://www.chess.com"]

[Event "Titled Tuesday Blitz March 28 Early 2023"]
[White "HSH1987"]
[Black "Shivakumar, Shawnak"]
[BlackFideId "30940192"]
[WhiteElo "2708"]
[BlackElo "2089"]
[Result "1-0"]
[Round "04"]
[TimeControl "180+2"]
[Date "2023.03.28"]
[WhiteClock "0:00:37"]
[BlackClock "0:00:20"]

1. Nf3 d5 2. g3 Bg4 3. Bg2 Nd7 4. O-O e5 5. d3 Ngf6 6. Nbd2 Bd6 7. e4 d4 8. h3 Bh5 9. Qe1 c6 10. Nh4 Bg6 11. Nf5 Bxf5 12. exf5 O-O 13. g4 Nd5 14. Ne4 Bc7 15. a3 Re8 16. Qe2 Nf4 17. Qf3 Qh4 18. Bd2 Nf6 19. Rfe1 N6d5 20. Qg3 Qxg3 21. fxg3 Nxg2 22. Kxg2 Rac8 23. Re2 Bb8 24. Rae1 c5 25. b3 b5 26. g5 c4 27. h4 cxb3 28. cxb3 Nc3 29. Bxc3 dxc3 30. Rc2 Red8 31. Rec1 Rxd3 32. Rxc3 Rcxc3 33. Rxc3 Rxc3 34. Nxc3 a6 35. Kf3 Ba7 36. Nd5 Bc5 37. a4 Kf8 38. axb5 axb5 39. f6 gxf6 40. Nxf6 Kg7 41. h5 h6 42. Nd7 Bd4 43. gxh6+ Kxh6 44. Ke4 Kxh5 45. Nxe5 Bxe5 46. Kxe5 Kg4 47. Kf6 Kxg3 48. Kxf7 Kf3 49. Ke6 Ke3 50. Kd5 Kd3 51. Kc5 Kc3 52. b4 Kb3 53. Kxb5 Kc3 54. Kc5 1-0


[Site "https://www.chess.com"]

[Event "Titled Tuesday Blitz March 28 Early 2023"]
[White "Prohaszka, Peter"]
[Black "Castellanos Gomez, Alejandro"]
[WhiteFideId "726265"]
[BlackFideId "22284141"]
[WhiteElo "2626"]
[BlackElo "2158"]
[Result "1-0"]
[Round "04"]
[TimeControl "180+2"]
[Date "2023.03.28"]
[WhiteClock "0:00:11"]
[BlackClock "0:00:04"]

1. d4 d5 2. Bf4 e6 3. Nd2 Nf6 4. c3 Bd6 5. e3 O-O 6. Ngf3 c5 7. dxc5 Bxc5 8. a3 Nc6 9. b4 Bd6 10. Bxd6 Qxd6 11. c4 d4 12. c5 Qd8 13. Nc4 dxe3 14. fxe3 Qe7 15. Qd6 Nd5 16. Qxe7 Ncxe7 17. e4 Nf6 18. Bd3 Rd8 19. Ke2 Bd7 20. Nd6 b6 21. Rhc1 bxc5 22. bxc5 Bc6 23. Rc4 Ng6 24. g3 Nd7 25. Rc3 Nxc5 26. Nxf7 Rxd3 27. Rxc5 Bxe4 28. N7g5 Bf5 29. Rxf5 Rad8 30. Nxe6 R8d6 31. Nf4 Rc3 32. Nxg6 Rc2+ 33. Ke3 hxg6 34. Re5 Rc3+ 35. Ke2 Rc2+ 36. Kf1 Rd3 37. Ne1 Rxh2 38. Nxd3 Rh1+ 39. Ke2 Rxa1 40. Ra5 1-0


[Site "https://www.chess.com"]

[Event "Titled Tuesday Blitz March 28 Early 2023"]
[White "Liu, Casper"]
[Black "Matinian, Nikita"]
[WhiteFideId "1454153"]
[BlackFideId "24129100"]
[WhiteElo "2221"]
[BlackElo "2422"]
[Result "1/2-1/2"]
[Round "04"]
[TimeControl "180+2"]
[Date "2023.03.28"]
[WhiteClock "0:00:03"]
[BlackClock "0:00:13"]

1. d4 Nf6 2. Bf4 g6 3. Nc3 d5 4. Nb5 Na6 5. e3 c6 6. Nc3 Bg7 7. Bxa6 bxa6 8. h3 a5 9. Nf3 Ba6 10. Na4 Ne4 11. Nd2 f5 12. Nxe4 fxe4 13. Nc5 Bc8 14. O-O O-O 15. b3 Bf5 16. a4 Rf7 17. f3 exf3 18. Qxf3 Bxc2 19. Ne6 Qd7 20. Nxg7 Be4 21. Qg3 Rxg7 22. Bh6 Qd6 23. Qxd6 exd6 24. Bxg7 Kxg7 25. Rac1 Rb8 26. Rxc6 Rxb3 27. Rf2 Ra3 28. Rc7+ Kh6 29. Rxa7 Rxa4 30. Kh2 Ra3 31. Rff7 g5 32. Rf6+ Bg6 33. Re6 a4 34. g4 Ra1 35. Rxd6 a3 36. Rxd5 a2 37. Rda5 Re1 38. Rxa2 Rxe3 39. d5 Rd3 40. Rd7 Be4 41. Ra6+ Bg6 42. Ra2 Be4 43. d6 Kg6 44. Rd8 Bc6 45. Rc2 Ba4 46. Rf2 Kg7 47. Re2 Bc6 48. Re7+ Kh6 49. Re2 Kg7 50. Re7+ Kh6 51. Re2 Kg7 1/2-1/2


[Site "https://www.chess.com"]

[Event "Titled Tuesday Blitz March 28 Early 2023"]
[White "polandchessplayer"]
[Black "Seletsky, Grigory"]
[BlackFideId "14112191"]
[WhiteElo "2695"]
[BlackElo "2490"]
[Result "1-0"]
[Round "04"]
[TimeControl "180+2"]
[Date "2023.03.28"]
[WhiteClock "0:01:10"]
[BlackClock "0:00:02"]

1. c4 c6 2. Nf3 d5 3. b3 Nf6 4. Bb2 Bf5 5. g3 e6 6. Bg2 h6 7. O-O Be7 8. d4 O-O 9. Nbd2 Ne4 10. Nxe4 Bxe4 11. Rc1 Nd7 12. e3 a5 13. a4 Qb8 14. Qe2 Rc8 15. Nd2 Bxg2 16. Kxg2 Bb4 17. Bc3 Qd6 18. c5 Qc7 19. Bxb4 axb4 20. e4 b6 21. exd5 exd5 22. cxb6 Qxb6 23. Nf3 Nf6 24. Qd3 Ne4 25. Nd2 Nc3 26. Nb1 Ne4 27. f3 Ng5 28. Rfd1 Re8 29. Nd2 Re7 30. Nf1 Qb7 31. h4 Ne6 32. Rd2 Rd8 33. Ne3 g6 34. h5 Kg7 35. hxg6 fxg6 36. Ng4 h5 37. Ne5 Nf8 38. Rdc2 Rd6 39. Rxc6 Rxc6 40. Nxc6 Rc7 41. Qb5 Qxb5 42. axb5 Nd7 43. Re1 1-0


[Site "https://www.chess.com"]

[Event "Titled Tuesday Blitz March 28 Early 2023"]
[White "Hamitevici, Vladimir"]
[Black "Melaugh, Shane"]
[WhiteFideId "13902393"]
[BlackFideId "2509580"]
[WhiteElo "2401"]
[BlackElo "2034"]
[Result "1-0"]
[Round "04"]
[TimeControl "180+2"]
[Date "2023.03.28"]
[WhiteClock "0:00:05"]
[BlackClock "0:00:03"]

1. c4 e5 2. Nc3 Nc6 3. Nf3 f5 4. d4 e4 5. Ng5 Nf6 6. h4 Bb4 7. Bf4 d5 8. e3 h6 9. Nh3 Be6 10. c5 O-O 11. Bb5 Ne7 12. Qb3 Ba5 13. Qa3 c6 14. Be2 Bc7 15. Bxc7 Qxc7 16. Nf4 Bf7 17. h5 b6 18. Rc1 b5 19. Qa6 Qc8 20. Qa5 Qd8 21. b4 Qxa5 22. bxa5 Rab8 23. a3 Ne8 24. Na2 Nc7 25. Nb4 Ne6 26. Kd2 Nxf4 27. exf4 Rfc8 28. Rb1 Kf8 29. Rh3 Ng8 30. Nc2 Nf6 31. Ne3 Be6 32. Rb4 Ke7 33. f3 exf3 34. Bxf3 Ne4+ 35. Bxe4 dxe4 36. Rg3 Kf7 37. Kc3 Rd8 38. Rh3 Rd7 39. a4 a6 40. Rh1 Rbd8 41. axb5 axb5 42. a6 Ra8 43. Ra1 Rda7 44. d5 Bxd5 45. Nxd5 cxd5 46. Kd4 Rxa6 47. Rxa6 Rxa6 48. Rxb5 Re6 49. Rb7+ Kf6 50. Rb6 Ke7 51. Kxd5 1-0


[Site "https://www.chess.com"]

[Event "Titled Tuesday Blitz March 28 Early 2023"]
[White "Jessel, Stephen"]
[Black "Sliwicki, Damian"]
[WhiteFideId "628859"]
[BlackFideId "1127128"]
[WhiteElo "2268"]
[BlackElo "2030"]
[Result "0-1"]
[Round "04"]
[TimeControl "180+2"]
[Date "2023.03.28"]
[WhiteClock "0:02:54"]
[BlackClock "0:02:16"]

1. Nf3 g6 2. e4 c5 3. c4 Nc6 4. d4 cxd4 5. Nxd4 Nf6 6. Nc3 Nxd4 7. Qxd4 d6 8. Be2 Bg7 9. O-O O-O 10. Qd3 Qa5 11. Be3 Ng4 12. Bd4 Bxd4 13. Qxd4 Qe5 14. Rad1 Qxh2# 0-1


[Site "https://www.chess.com"]

[Event "Titled Tuesday Blitz March 28 Early 2023"]
[White "Subelj, Jan"]
[Black "Lopez Del Alamo, Antonio"]
[WhiteFideId "14618583"]
[BlackFideId "2227339"]
[WhiteElo "2474"]
[BlackElo "2175"]
[Result "1-0"]
[Round "04"]
[TimeControl "180+2"]
[Date "2023.03.28"]
[WhiteClock "0:01:02"]
[BlackClock "0:00:02"]

1. e4 c5 2. Na3 e6 3. c3 d5 4. e5 Nc6 5. Nf3 a6 6. Nc2 f6 7. d4 cxd4 8. Ncxd4 Qc7 9. Bf4 f5 10. h4 Nh6 11. Ng5 Nxd4 12. cxd4 Nf7 13. Nxf7 Kxf7 14. Bd3 Qb6 15. O-O Bd7 16. Rc1 Be7 17. g4 g6 18. gxf5 exf5 19. Rc7 Be6 20. Qc2 Rac8 21. Rc1 Qxd4 22. Bg5 Rhe8 23. Qe2 Qg4+ 24. Qxg4 fxg4 25. Rxb7 Rxc1+ 26. Bxc1 Kg8 27. h5 1-0


[Site "https://www.chess.com"]

[Event "Titled Tuesday Blitz March 28 Early 2023"]
[White "Stalri"]
[Black "Darini, Pouria"]
[BlackFideId "12502200"]
[WhiteElo "2348"]
[BlackElo "2482"]
[Result "0-1"]
[Round "04"]
[TimeControl "180+2"]
[Date "2023.03.28"]
[WhiteClock "0:00:07"]
[BlackClock "0:00:11"]

1. Nf3 c5 2. c4 Nc6 3. Nc3 Nf6 4. g3 d5 5. cxd5 Nxd5 6. Bg2 Nc7 7. d3 e5 8. Nd2 Bd7 9. O-O Be7 10. a4 O-O 11. Nc4 Rb8 12. Bxc6 Bxc6 13. Nxe5 Be8 14. Be3 Nd5 15. Nxd5 Qxd5 16. Nf3 Bc6 17. Qc2 Rbc8 18. Qc4 Qh5 19. Qf4 Rfd8 20. Rfc1 Bd6 21. Qg5 Bxf3 22. exf3 Qxf3 23. Bxc5 Bxc5 24. Rxc5 Qxd3 25. Rac1 Rxc5 26. Qxc5 Qd2 27. Qc2 Qd5 28. Qc5 Qd2 29. Qc3 g6 30. Rc2 Qd1+ 31. Kg2 h5 32. h4 Rd3 33. Qc8+ Kg7 34. Rc1 Qf3+ 35. Kg1 b6 36. Qc7 Rd1+ 37. Rxd1 Qxd1+ 38. Kg2 Qxa4 39. Qe5+ Kg8 40. Qb8+ Kh7 41. Qb7 Qa2 42. Kh2 Qxb2 43. Qxf7+ Qg7 44. Qc4 Qb7 45. Qc3 b5 46. Qb4 a6 47. Kg1 Qd7 48. f3 Qd1+ 49. Kf2 Qc2+ 50. Ke3 Qc1+ 51. Kf2 Qc2+ 52. Ke3 Qc7 53. g4 hxg4 54. fxg4 Qg3+ 55. Ke2 Qg2+ 56. Ke3 Qg3+ 57. Ke2 Qxh4 58. Qe4 Qh2+ 59. Ke3 Qg1+ 60. Ke2 Qh2+ 61. Ke3 Qc7 62. g5 Qc1+ 63. Kf2 Qxg5 64. Qb7+ Kh6 65. Qxa6 Qf5+ 66. Kg3 Qd3+ 67. Kg4 Qd4+ 68. Kg3 b4 69. Qb7 Qc3+ 70. Kg4 Qc4+ 71. Kg3 Qd3+ 72. Kg4 Qf5+ 73. Kg3 Qg5+ 74. Kh3 Qe3+ 75. Kg4 Qd4+ 76. Kg3 Qc3+ 77. Kg4 Qc4+ 78. Kg3 b3 79. Qh1+ Kg5 80. Qb7 Qc3+ 81. Kg2 Qc2+ 82. Kg3 Qc3+ 83. Kg2 Qd2+ 84. Kg3 Qd3+ 85. Kg2 Qc2+ 86. Kg3 b2 87. Qd5+ Kf6 88. Qd6+ Kg5 89. Qd5+ Qf5 90. Qd2+ Kh5 91. Qxb2 Qg4+ 92. Kh2 Qf4+ 93. Kg2 Qg4+ 94. Kh2 Qh4+ 95. Kg2 Qe4+ 96. Kh2 Kg4 97. Qd2 Qf4+ 98. Qxf4+ Kxf4 99. Kh3 g5 100. Kg2 Kg4 101. Kh2 Kf3 0-1


[Site "https://www.chess.com"]

[Event "Titled Tuesday Blitz March 28 Early 2023"]
[White "Kozak, Antoni"]
[Black "Rosenberg, Evan S"]
[WhiteFideId "21832030"]
[BlackFideId "2019299"]
[WhiteElo "2470"]
[BlackElo "2321"]
[Result "1/2-1/2"]
[Round "04"]
[TimeControl "180+2"]
[Date "2023.03.28"]
[WhiteClock "0:00:05"]
[BlackClock "0:00:17"]

1. e4 e5 2. Nf3 Nc6 3. Bc4 Nf6 4. d3 h6 5. O-O Bc5 6. Be3 Bxe3 7. fxe3 d6 8. a4 O-O 9. Nc3 Be6 10. b3 d5 11. exd5 Nxd5 12. Nxd5 Bxd5 13. e4 Bxc4 14. bxc4 Re8 15. Kh1 Nd4 16. Rb1 b6 17. a5 Re6 18. Nxd4 Qxd4 19. Rb5 c6 20. Rb3 Rd8 21. axb6 axb6 22. Qf3 Rf6 23. Qe2 Rxf1+ 24. Qxf1 Ra8 25. Rb1 Ra2 26. Qd1 Qc3 27. Rc1 b5 28. cxb5 cxb5 29. h3 b4 30. Kh2 Qb2 31. Qf1 Qc3 32. Qd1 f6 33. h4 Kh7 34. h5 Qc5 35. Qf3 Rxc2 36. Qf5+ Kh8 37. Ra1 Qc8 38. Qg6 b3 39. Ra7 Rc7 40. Rxc7 Qxc7 41. Qe8+ Kh7 42. Qg6+ Kh8 43. Qe8+ Kh7 44. Qg6+ Kh8 1/2-1/2


[Site "https://www.chess.com"]

[Event "Titled Tuesday Blitz March 28 Early 2023"]
[White "Shtompel, Yuriy"]
[Black "Tregubov, Pavel V."]
[WhiteFideId "14168278"]
[BlackFideId "4115341"]
[WhiteElo "1844"]
[BlackElo "2425"]
[Result "0-1"]
[Round "04"]
[TimeControl "180+2"]
[Date "2023.03.28"]
[WhiteClock "0:00:05"]
[BlackClock "0:00:33"]

1. e4 c5 2. Nf3 e6 3. d4 cxd4 4. Nxd4 Nc6 5. Nc3 Nf6 6. Ndb5 Bb4 7. Bf4 O-O 8. Bc7 Qe7 9. Bd6 Bxd6 10. Qxd6 Qd8 11. Nc7 Rb8 12. e5 Ne8 13. Nxe8 Rxe8 14. Be2 b5 15. Ne4 Qa5+ 16. Kf1 b4 17. Nc5 Rb6 18. g3 Nxe5 19. Qxe5 d6 20. Qe3 dxc5 21. Bf3 Rd6 22. Kg2 Red8 23. a3 a6 24. Rhd1 Rxd1 25. Rxd1 Rxd1 26. Bxd1 bxa3 27. bxa3 Bb7+ 28. Bf3 Bxf3+ 29. Qxf3 Qd8 30. c3 Qd5 31. c4 Qxf3+ 32. Kxf3 f6 33. Ke4 Kf7 34. a4 a5 35. f4 Ke7 36. g4 Kd6 37. h4 g6 38. f5 exf5+ 39. gxf5 g5 40. hxg5 fxg5 41. Kf3 Ke5 42. Kg4 h6 43. Kh5 Kxf5 0-1


[Site "https://www.chess.com"]

[Event "Titled Tuesday Blitz March 28 Early 2023"]
[White "Vadim_Galchenko"]
[Black "Martinez Ramirez, Lennis"]
[BlackFideId "3509079"]
[WhiteElo "2302"]
[BlackElo "2439"]
[Result "1/2-1/2"]
[Round "04"]
[TimeControl "180+2"]
[Date "2023.03.28"]
[WhiteClock "0:00:19"]
[BlackClock "0:01:03"]

1. e4 c6 2. c4 d5 3. exd5 cxd5 4. cxd5 Nf6 5. Bb5+ Nbd7 6. Nc3 a6 7. Be2 g6 8. Nf3 Bg7 9. O-O Nb6 10. d4 Nbxd5 11. Ne5 O-O 12. Bf3 Be6 13. Na4 b6 14. Bg5 Rc8 15. Qd2 Qd6 16. a3 Nd7 17. Nxd7 Bxd7 18. Nc3 Bc6 19. Rfe1 e6 20. Ne4 Qd7 21. Rac1 f6 22. Bh6 Rfd8 23. b4 Bb7 24. Ng3 Rxc1 25. Rxc1 Rc8 26. Bxg7 Rxc1+ 27. Qxc1 Kxg7 28. h3 Qc6 29. Ne2 Kf7 30. Qxc6 Bxc6 31. Nc3 Nxc3 32. Bxc6 Ne2+ 33. Kf1 Nxd4 34. Bb7 Nc2 35. Bxa6 Nxa3 36. Bd3 Ke7 37. Ke2 Kd6 38. Kd2 b5 39. Kc3 Kd5 40. f3 h5 41. Bxg6 h4 42. Bd3 e5 43. Be4+ Kd6 44. Bd3 Kd5 45. Be4+ Kd6 46. Bd3 Kd5 1/2-1/2


[Site "https://www.chess.com"]

[Event "Titled Tuesday Blitz March 28 Early 2023"]
[White "Ruge, Edison"]
[Black "Cuenca Jimenez, Jose Fernando"]
[WhiteFideId "4401000"]
[BlackFideId "2255570"]
[WhiteElo "2175"]
[BlackElo "2429"]
[Result "0-1"]
[Round "04"]
[TimeControl "180+2"]
[Date "2023.03.28"]
[WhiteClock "0:01:09"]
[BlackClock "0:01:20"]

1. e4 d6 2. d3 g6 3. Nd2 Bg7 4. Ngf3 c5 5. g3 Nc6 6. Bg2 e5 7. h4 h6 8. c3 Nge7 9. h5 g5 10. Nh2 f5 11. exf5 Bxf5 12. Qe2 Qd7 13. O-O O-O 14. Ne4 b6 15. Nd2 d5 16. Ndf3 Rae8 17. Nxg5 hxg5 18. Bxg5 Bh3 19. Rfe1 Bxg2 20. Kxg2 Qf5 21. Bd2 Kh8 22. g4 Qd7 23. h6 Bf6 24. g5 Rg8 25. f4 exf4 26. Qh5 Rxg5+ 0-1


[Site "https://www.chess.com"]

[Event "Titled Tuesday Blitz March 28 Early 2023"]
[White "monkins"]
[Black "Tatarinov, Dmitry"]
[BlackFideId "24160067"]
[WhiteElo "2283"]
[BlackElo "2326"]
[Result "0-1"]
[Round "04"]
[TimeControl "180+2"]
[Date "2023.03.28"]
[WhiteClock "0:00:03"]
[BlackClock "0:01:26"]

1. Nf3 d5 2. c4 d4 3. e3 c5 4. b4 e5 5. Nxe5 cxb4 6. Qa4+ Nd7 7. exd4 Nf6 8. Bb2 Bd6 9. Be2 O-O 10. O-O a5 11. d3 Re8 12. f4 Nb6 13. Qc2 Bf8 14. Nd2 Bf5 15. Ne4 Rc8 16. Bf3 Nfd5 17. Qd2 Nc3 18. Bxc3 bxc3 19. Qxc3 Bb4 20. Qb2 Na4 21. Qf2 f6 22. Ng4 Nc3 23. Ne3 Bxe4 24. Bxe4 Qxd4 25. Nd5 Qxf2+ 26. Rxf2 Nxe4 27. dxe4 Bc5 28. Kf1 Bxf2 29. Kxf2 Rxe4 30. Rc1 Rexc4 0-1


[Site "https://www.chess.com"]